 Dungeon Crawl Stone Soup version 0.23.2 (webtiles) character file.

Game seed: 9505550713480234370

2207 myga the Magician (level 9, -7/69 HPs)
             Began as a Gnoll Skald on Apr 3, 2019.
             Was a Priest of Okawaru.
             Mangled by Pikel
             ... wielding a +0 whip of electrocution
              (17 damage)
             ... on level 7 of the Dungeon.
             The game lasted 00:38:39 (6799 turns).

myga the Magician (Gnoll Skald)                     Turns: 6799, Time: 00:38:40

Health: -7/69      AC:  7    Str: 16    XL:     9   Next: 34%
Magic:  7/16       EV: 16    Int: 15    God:    Okawaru [***...]
Gold:   308        SH:  6    Dex: 16    Spells: 10/21 levels left

rFire    . . .     SeeInvis .   a - +1 hand axe
rCold    + . .     Gourm    .   (no shield)
rNeg     . . .     Faith    .   I - +0 leather armour
rPois    .         Spirit   .   (helmet restricted)
rElec    .         Reflect  +   (no cloak)
rCorr    .         Harm     .   t - +0 pair of gloves
MR       .....                  D - +1 pair of boots
Stlth    ++........             u - +6 amulet of reflection
HPRegen  0.21/turn              s - ring of wizardry
MPRegen  0.15/turn              r - ring of protection from cold

@: infused, slowed, very slow
A: distributed training, fangs 1, horns 1, low mp 1, wild magic 2, strong nose
a: Heroism, Renounce Religion


You were on level 7 of the Dungeon.
You worshipped Okawaru.
Okawaru was most pleased with you.
You were hungry.

You visited 1 branch of the dungeon, and saw 7 of its levels.
You also visited: Sewer.

You collected 308 gold pieces.

Inventory:

Hand Weapons
 a - a +1 hand axe (weapon)
 c - a +0 great sword
 G - a +2 flail of draining
Missiles
 e - 113 stones (quivered)
 q - 3 javelins
 F - 2 tomahawks
Armour
 t - a +0 pair of gloves (worn)
 D - a +1 pair of boots (worn)
 I - a +0 leather armour (worn)
 M - the +0 robe "Yblas" {rPois rCorr Str-5 Dex+4}
   (You found it on level 7 of the Dungeon)

   It affects your strength (-5).
   It affects your dexterity (+4).
   It protects you from poison.
   It provides partial protection from all sources of acid and corrosion.
Jewellery
 o - an uncursed amulet of harm
 r - a ring of protection from cold (right hand)
 s - a ring of wizardry (left hand)
 u - a +6 amulet of reflection (around neck)
Wands
 j - a wand of paralysis (9)
 p - a wand of disintegration (6)
 v - a wand of flame (28)
Scrolls
 b - 4 scrolls of magic mapping
 f - a scroll of amnesia
 h - 3 scrolls of teleportation
 m - a scroll of enchant weapon
 w - 5 scrolls of fear
 x - a scroll of enchant armour
 A - 2 scrolls of blinking
 K - a scroll of immolation
Potions
 g - 6 potions of curing
 i - 3 potions of heal wounds
 k - a potion of invisibility
 l - 2 potions of lignification
 n - a potion of flight
 z - a potion of might
 B - a potion of magic
 C - a potion of brilliance
 H - a potion of agility
 J - 2 potions of ambrosia {unknown}
Comestibles
 d - 12 rations
 L - 5 chunks of flesh


   Skills:
 + Level 6.2 Fighting
 + Level 4.1 Short Blades
 + Level 4.1 Long Blades
 + Level 6.2 Axes
 + Level 4.1 Maces & Flails
 + Level 4.1 Polearms
 + Level 4.1 Staves
 + Level 4.1 Slings
 + Level 4.1 Bows
 + Level 4.1 Crossbows
 + Level 4.1 Throwing
 + Level 4.9 Armour
 + Level 6.2 Dodging
 + Level 4.1 Stealth
 + Level 4.1 Shields
 + Level 4.1 Unarmed Combat
 + Level 6.5 Spellcasting
 + Level 3.3 Conjurations
 + Level 3.3 Hexes
 + Level 6.5 Charms
 + Level 3.3 Summonings
 + Level 3.3 Necromancy
 + Level 3.3 Translocations
 + Level 3.3 Transmutations
 + Level 3.3 Fire Magic
 + Level 3.3 Ice Magic
 + Level 3.3 Air Magic
 + Level 3.3 Earth Magic
 + Level 3.3 Poison Magic
 + Level 4.5 Invocations
 + Level 4.1 Evocations


You had 10 spell levels left.
You knew the following spells:

 Your Spells              Type           Power        Failure   Level  Hunger
a - Infusion              Chrm           ####         1%          1    None
b - Song of Slaying       Chrm           #####...     2%          2    #......
c - Shroud of Golubria    Chrm/Tloc      ####......   3%          2    #......
d - Regeneration          Chrm/Necr      ####......   6%          3    ##.....
e - Spectral Weapon       Hex/Chrm       ####....     6%          3    ##.....

Your spell library contained the following spells:

 Spells                   Type           Power        Failure   Level  Hunger


Dungeon Overview and Level Annotations

Branches:
Dungeon (7/15)             Temple (0/1) D:6

Altars:
Cheibriados
Okawaru
Trog
Wu Jian
Yredelemnul

Shops:
D:5 =

Annotations:
D:7 Pikel


Innate Abilities, Weirdness & Mutations

Your experience applies equally to all skills.
You have very sharp teeth.
Your uncanny sense of smell can sniff out nearby items.
You have a pair of small horns on your head.
Your magical capacity is low. (-10% MP)
Your spells are harder to cast, but more powerful.


Message History

You hit Pikel but do no damage.
Pikel is moderately wounded.
You hit the slave. x2
Your spectral weapon closely misses Pikel.
Your spectral weapon hits the slave but does no damage.
Your spectral weapon hits the slave.
Your spectral weapon hits the slave but does no damage.
The slave barely misses you. The slave hits your spectral weapon!
Your spectral weapon shares its damage with you!
The slave hits you!
* * * LOW HITPOINT WARNING * * *
Pikel closely misses you. The slave hits you but does no damage.
You block the slave's attack. The slave hits your spectral weapon!
Your spectral weapon shares its damage with you!
* * * LOW HITPOINT WARNING * * *
An iguana comes into view.
The slave barely misses your spectral weapon. x2
You block the slave's attack. Pikel hits you but does no damage.
You are electrocuted!
You die...

....... .........
......... ### ........##
... .........# #$#
(........##..#
(...(....>.)############.
....((.p@...............
......)K(#...##......<#
......ppp..#.l........#
..........#####(......##.
...#.....................
.....###..#####.......###
..##. ##.. #.......# . #
##.# #.......#
#.####.......#


You could see Pikel, 4 slaves, an iguana (wandering) and a friendly spectral +1
hand axe.

Vanquished Creatures
  An orc warrior (D:7)
  4 ogres
  A sky beast (D:7)
  An ice beast (D:5)
  A phantom (D:6)
  5 centaurs
  2 bullfrogs (D:6)
  A water moccasin skeleton (D:5)
  A howler monkey (D:5)
  2 crimson imps
  A bullfrog zombie (D:5)
  A hound (D:6)
  2 orc priests (D:5)
  6 orc wizards
  An iguana (D:5)
  Jessica (D:3)
  A centaur skeleton (D:4)
  6 worker ants
  A hound skeleton (D:4)
  A worker ant zombie (D:5)
  3 gnolls (D:3)
  10 adders
  3 river rats
  2 shadow imps
  An ooze (D:3)
  An adder skeleton (D:4)
  3 worms
  3 dart slugs
  7 leopard geckos
  14 orcs
  4 ball pythons
  8 bats
  7 giant cockroaches
  2 gnoll zombies (D:2)
  4 goblins
  10 hobgoblins
  4 jackals (D:1)
  2 quokkas (D:3)
  11 frilled lizards
  A jackal zombie (D:5)
  9 kobolds
  A quokka zombie (D:7)
  14 rats
164 creatures vanquished.

Notes
Turn   | Place    | Note
-------+----------+-------------------------------------------
     0 | D:1      | myga the Gnoll Skald began the quest for the Orb.
     0 | D:1      | Reached XP level 1. HP: 20/20 MP: 6/6
   243 | D:1      | Reached XP level 2. HP: 19/26 MP: 2/7
   663 | D:1      | Learned a level 2 spell: Song of Slaying
   666 | D:1      | Learned a level 2 spell: Shroud of Golubria
   784 | D:1      | Reached XP level 3. HP: 31/31 MP: 5/9
   952 | D:2      | Reached skill level 5 in Spellcasting
  1027 | D:2      | Reached skill level 1 in Invocations
  1125 | D:2      | Found a snail-covered altar of Cheibriados.
  1195 | D:2      | Reached skill level 1 in Short Blades
  1195 | D:2      | Reached skill level 1 in Long Blades
  1195 | D:2      | Reached skill level 1 in Maces & Flails
  1195 | D:2      | Reached skill level 1 in Polearms
  1195 | D:2      | Reached skill level 1 in Staves
  1195 | D:2      | Reached skill level 1 in Slings
  1195 | D:2      | Reached skill level 1 in Bows
  1195 | D:2      | Reached skill level 1 in Crossbows
  1195 | D:2      | Reached skill level 1 in Throwing
  1195 | D:2      | Reached skill level 1 in Stealth
  1195 | D:2      | Reached skill level 1 in Shields
  1195 | D:2      | Reached skill level 1 in Unarmed Combat
  1195 | D:2      | Reached skill level 1 in Evocations
  1195 | D:2      | Reached XP level 4. HP: 23/38 MP: 11/11
  1241 | D:2      | Learned a level 3 spell: Regeneration
  1245 | D:2      | Learned a level 3 spell: Spectral Weapon
  1564 | D:2      | Found a basalt altar of Yredelemnul.
  2074 | D:3      | Reached skill level 1 in Conjurations
  2074 | D:3      | Reached skill level 1 in Hexes
  2074 | D:3      | Reached skill level 1 in Summonings
  2074 | D:3      | Reached skill level 1 in Necromancy
  2074 | D:3      | Reached skill level 1 in Translocations
  2074 | D:3      | Reached skill level 1 in Transmutations
  2074 | D:3      | Reached skill level 1 in Fire Magic
  2074 | D:3      | Reached skill level 1 in Ice Magic
  2074 | D:3      | Reached skill level 1 in Air Magic
  2074 | D:3      | Reached skill level 1 in Earth Magic
  2074 | D:3      | Reached skill level 1 in Poison Magic
  2150 | D:3      | Reached XP level 5. HP: 19/43 MP: 12/12
  2580 | D:3      | Noticed Jessica
  2606 | D:3      | Killed Jessica
  3405 | D:3      | Reached XP level 6. HP: 49/50 MP: 13/13
  3493 | D:3      | Found an ornate altar of the Wu Jian Council.
  3517 | D:3      | Found an iron altar of Okawaru.
  3517 | D:3      | Found a bloodstained altar of Trog.
  3554 | D:3      | Became a worshipper of Warmaster Okawaru
  3790 | D:4      | Found a glowing drain.
  3804 | Sewer    | Entered a sewer
  3831 | Sewer    | Reached skill level 5 in Fighting
  3831 | Sewer    | Reached skill level 5 in Axes
  3831 | Sewer    | Reached skill level 5 in Dodging
  4495 | D:4      | Reached XP level 7. HP: 31/56 MP: 8/15
  4813 | D:5      | Entered Level 5 of the Dungeon
  4881 | D:5      | Reached * piety under Okawaru
  5357 | D:5      | Found Yjybb's Jewellery Boutique.
  5384 | D:5      | Reached XP level 8. HP: 63/63 MP: 5/16
  5484 | D:5      | Reached ** piety under Okawaru
  5867 | D:5      | Gained mutation: You have a pair of small horns on your
                  | head. [potion of mutation]
  5867 | D:5      | Gained mutation: Your spells are a little harder to cast,
                  | but a little more powerful. [potion of mutation]
  5867 | D:5      | Gained mutation: Your magical capacity is low. (-10% MP)
                  | [potion of mutation]
  5867 | D:5      | Gained mutation: Your spells are harder to cast, but more
                  | powerful. [potion of mutation]
  5884 | D:6      | Found a staircase to the Ecumenical Temple.
  6081 | D:6      | HP: 3/64 [centaur/arrow (6)]
  6331 | D:6      | Reached *** piety under Okawaru
  6360 | D:6      | Reached XP level 9. HP: 61/69 MP: 8/16
  6734 | D:7      | Got a shimmering robe
  6745 | D:7      | Identified the cursed +0 robe "Yblas" {rPois rCorr Str-5
                  | Dex+4} (You found it on level 7 of the Dungeon)
  6789 | D:7      | Noticed Pikel
  6799 | D:7      | Mangled by Pikel

Skill      XL: |  1  2  3  4  5  6  7  8  9 |
---------------+----------------------------+-----
Spellcasting   | 5 6 |  6.5
Invocations    | 1 2 3 4 |  4.5
Short Blades   | 1 2 3 4 |  4.1
Long Blades    | 1 2 3 4 |  4.1
Maces & Flails | 1 2 3 4 |  4.1
Polearms       | 1 2 3 4 |  4.1
Staves         | 1 2 3 4 |  4.1
Slings         | 1 2 3 4 |  4.1
Bows           | 1 2 3 4 |  4.1
Crossbows      | 1 2 3 4 |  4.1
Throwing       | 1 2 3 4 |  4.1
Stealth        | 1 2 3 4 |  4.1
Shields        | 1 2 3 4 |  4.1
Unarmed Combat | 1 2 3 4 |  4.1
Evocations     | 1 2 3 4 |  4.1
Conjurations   | 1 2 3 |  3.3
Hexes          | 1 2 3 |  3.3
Summonings     | 1 2 3 |  3.3
Necromancy     | 1 2 3 |  3.3
Translocations | 1 2 3 |  3.3
Transmutations | 1 2 3 |  3.3
Fire Magic     | 1 2 3 |  3.3
Ice Magic      | 1 2 3 |  3.3
Air Magic      | 1 2 3 |  3.3
Earth Magic    | 1 2 3 |  3.3
Poison Magic   | 1 2 3 |  3.3
Armour         | 3 4 |  4.9
Fighting       | 5 6 |  6.2
Axes           | 5 6 |  6.2
Dodging        | 5 6 |  6.2
Charms         | 6 |  6.5

Action                   |  1- 3 |  4- 6 |  7- 9 || total
-------------------------+-------+-------+-------++-------
Melee: Hand axe          |    91 |   245 |   253 ||   589
       Bite              |     5 |    29 |    33 ||    67
       Punch             |       |       |     4 ||     4
       Headbutt          |       |       |    24 ||    24
Throw: Stone             |     1 |    13 |    13 ||    27
       Javelin           |       |     2 |       ||     2
       Tomahawk          |       |     3 |    11 ||    14
 Cast: Infusion          |     5 |    10 |     9 ||    24
       Shroud of Golubri |     3 |     4 |     6 ||    13
       Song of Slaying   |       |     2 |     3 ||     5
       Spectral Weapon   |       |     2 |     5 ||     7
       Regeneration      |       |     1 |     1 ||     2
Evoke: Wand              |       |       |     1 ||     1
  Use: Scroll            |     6 |     6 |     7 ||    19
       Potion            |       |     4 |     2 ||     6
 Stab: Sleeping          |       |     2 |     1 ||     3
  Eat: Chunk             |     1 |    10 |     9 ||    20
Armor: Leather armour    |    28 |    44 |    41 ||   113
Dodge: Dodged            |    82 |   138 |   132 ||   352
Block: Other             |       |    48 |    61 ||   109
       Reflection        |       |     2 |     2 ||     4
